Map: Cyber Forest LE

Players

IIIIIIIIIIII - Winner!

  • Race: Protoss Protoss
  • League: Grandmaster
  • Spawn Location: 5:00

MagicPT

  • Race: Protoss Protoss
  • League: Master
  • Spawn Location: 11:00

VOD

Have the link to the VOD?

Description

Time

  • Played on: July 10, 2019, 3:04 p.m.
  • Length: 5:04
Show
View Real Time Build Order
Export as new Build Order

IIIIIIIIIIII Protoss - Winner!

Build Orders:  

Get SALT Encoding   

  12  0:00  Probe  
  13  0:09  Probe  
  14  0:24  Pylon  
  14  0:26  Probe  
  15  0:42  Probe, Forge  
  16  0:57  Probe  
  17  1:09  Pylon  
  17  1:20  Pylon  
  17  1:28  Photon Cannon  
  17  1:30  Photon Cannon  
  17  1:33  Gateway  
  17  1:37  Pylon  
  17  1:49  Probe  
  18  1:56  Assimilator  
  18  2:00  Assimilator, Photon Cannon  
  18  2:01  Probe  
  19  2:15  Probe, Zealot  
  21  2:23  Cybernetics Core  
  21  2:28  Probe  
  22  2:39  Zealot  
  22  2:40  Probe  
  25  2:52  Probe  
  26  3:02  Stargate  
  26  3:07  Shield Battery  
  26  3:18  Adept  
  28  3:24  Shield Battery  
  28  3:34  Pylon  
  28  3:37  Probe  
  29  3:42  Void Ray  
  29  3:48  Adept  
  35  3:57  Photon Cannon  
  35  4:03  Shield Battery  
  35  4:13  Shield Battery  
  33  4:20  Void Ray  
  33  4:33  Shield Battery  
  33  4:41  Photon Cannon  
  33  4:50  Shield Battery  
Show
View Real Time Build Order
Export as new Build Order

MagicPT Protoss 

Build Orders: Proxy Void Ray 

Get SALT Encoding   

  12  0:01  Probe  
  13  0:14  Probe  
  14  0:21  Pylon  
  14  0:26  Probe  
  15  0:39  Probe  
  16  0:43  Gateway  
  16  0:48  Probe, Assimilator  
  16  0:56  Assimilator  
  16  0:57  Probe  
  18  1:13  Pylon  
  18  1:16  Probe  
  19  1:23  Zealot  
  19  1:26  Forge  
  21  1:37  Pylon  
  21  1:41  Cybernetics Core  
  21  1:45  Probe  
  22  1:59  Photon Cannon  
  22  2:04  Probe  
  23  2:14  Probe  
  23  2:23  Pylon  
  23  2:24  Probe  
  24  2:34  Probe  
  25  2:40  Stargate  
  25  2:47  Shield Battery  
  25  2:49  Shield Battery  
  25  2:55  Probe  
  26  3:04  Stargate  
  26  3:13  Shield Battery  
  26  3:21  Void Ray, Pylon  
  30  3:37  Pylon  
  30  3:55  Photon Cannon  
  30  3:59  Void Ray  
  33  4:15  Probe  
  30  4:36  Shield Battery  
  30  4:44  Shield Battery  
  30  4:50  Shield Battery  
Tags
 
Add a new tag
Caveats
  • Supply blocks, unpowered buildings, or Contaminate may cause inaccurate times.
  • Supply counts are checked every 10 seconds.